Cogmind - Beta 10.1 @@@ ROGUE MODE // 2020.09.23 @ 15:02:28 Player: 3.14 Result: Self-destructed Performance ------------- Evolutions (1) 500 Regions Visited (5) 1000 Robots Destroyed (55) 275 Value Destroyed (1266) 1266 Prototype IDs (29) 580 Alien Tech Used (0) 0 Bonus (300) 300 TOTAL SCORE: 3921 Bonus ------- Aligned with FarCom 300 Cogmind --------- Core Integrity 226/400 Matter 249/300 Energy 125/125 System Corruption 3% Temperature Cool (0) Movement Treading (200) Ox2 Location -9/Exiles Parts ------- > --- POWER (1) -------- Light Ion Engine > --- PROPULSION (2) --- Light Treads Light Treads > --- UTILITY (4) ------ High-capacity Storage Unit High-capacity Storage Unit High-capacity Storage Unit Hardened Light Armor Plating > --- WEAPON (2) ------- Assault Rifle Heavy Assault Rifle > --- INVENTORY (28) --- Light Nuclear Core Light Treads Light Treads VTOL Module Improved Flight Unit Improved Heat Sink Medium Storage Unit High-capacity Battery (400) High-capacity Battery (400) High-capacity Matter Pod (200) Medium Armor Plating Hacking Suite Hacking Suite Hacking Suite Improved EM Shotgun Improved EM Shotgun Particle Cannon Particle Cannon Light Assault Rifle Autogun Mini Grenade Launcher Mini Grenade Launcher Mini Grenade Launcher Datajack Hammer Peak State ------------ > --- POWER ------------ Improved Ion Engine > --- PROPULSION ------- Light Treads Improved Flight Unit > --- UTILITY ---------- Improved Heat Sink Large Storage Unit Large Storage Unit Large Storage Unit > --- WEAPON ----------- Heavy Assault Rifle Improved Assault Rifle > --- INVENTORY -------- Light Ion Engine Light Nuclear Core Light Treads Light Treads Light Treads Wheel Improved Flight Unit Medium Storage Unit High-capacity Matter Pod Hacking Suite Improved EM Shotgun Improved EM Shotgun Improved Medium Laser Improved Medium Laser Particle Cannon Light Assault Rifle Autogun Mini Grenade Launcher Mini Grenade Launcher Mini Grenade Launcher Datajack Mining Laser [Rating: 21] Favorites ----------- Power Light Ion Engine Engine Light Ion Engine Propulsion Light Treads Treads Light Treads Leg Aluminum Leg Flight Unit Improved Flight Unit Utility Large Storage Unit Device Improved Terrain Scanner Storage Large Storage Unit Processor Seismic Analyzer Protection Hardened Light Armor Plating Weapon Light Assault Rifle Energy Gun Improved EM Shotgun Ballistic Gun Light Assault Rifle Launcher Rocket Launcher Build | -11 -10 -10 -9 -9 -9 ------- Run | Scr Mat Min Mat Min Exi Slots Evolved 2 | . . . 2 . . Power . | . . . . . . Propulsion . | . . . . . . Utility 2 | . . . 2 . . Weapon . | . . . . . . Parts Attached 70 | 10 30 1 29 . . Power 6 | 1 2 . 3 . . Engine 6 | 1 2 . 3 . . Core . | . . . . . . Reactor . | . . . . . . Propulsion 20 | 3 9 . 8 . . Treads 14 | 2 5 . 7 . . Leg 5 | 1 4 . . . . Wheel . | . . . . . . Hover . | . . . . . . Flight 1 | . . . 1 . . Utility 16 | 4 5 . 7 . . Device 2 | 1 . . 1 . . Storage 10 | 2 4 . 4 . . Processor 2 | 1 1 . . . . Hackware . | . . . . . . Protection 2 | . . . 2 . . Artifact . | . . . . . . Weapon 28 | 2 14 1 11 . . Energy Gun 11 | . 8 . 3 . . Energy Cannon . | . . . . . . Ballistic Gun 13 | 2 3 1 7 . . Ballistic Cannon . | . . . . . . Launcher 4 | . 3 . 1 . . Special Weapon . | . . . . . . Impact Weapon . | . . . . . . Slashing Weapon . | . . . . . . Piercing Weapon . | . . . . . . Special Melee Weapon . | . . . . . . Unidentified Prototypes 4 | . . . 4 . . Parts Lost 5 | . 2 . 3 . . Power 1 | . . . 1 . . Propulsion . | . . . . . . Utility 1 | . . . 1 . . Weapon 3 | . 2 . 1 . . Highest Loss Streak 2 | . 2 . 1 . . Average Slot Usage (%) 98 | . 98 100 97 100 100 Engine 12 | . 13 14 10 11 11 Treads 21 | . 20 28 22 22 22 Leg 2 | . 7 . . . . Device 1 | . 1 . 1 . . Storage 29 | . 21 28 33 33 33 Processor 1 | . 4 . . . . Protection 5 | . . . 7 11 11 Energy Gun 2 | . 4 . 2 . . Ballistic Gun 21 | . 22 28 19 22 22 Naked Turns . | . . . . . . Heaviest Build 109 | 16 42 37 109 109 109 Greatest Support 40 | 40 40 40 40 40 40 Greatest Overweight (x) 2 | . 2 . 2 2 2 Average Overweight (x) . | . . . 1 2 2 Largest Inventory Capacity 28 | 8 16 16 28 28 28 Average Capacity 19 | 5 13 16 22 28 28 Most Carried 25 | 4 16 16 24 23 25 Average Carried 17 | 3 12 15 21 23 23 Final Capacity 28 | 4 16 16 28 28 28 Final Carried 25 | 4 16 16 23 23 25 Class Distribution -------------------- 52% | Hauler-Mutant 32% | Mutant 15% | Scavenger-Mutant Dominant Class ---------------- Mutant | -10/Materials Mutant | -10/Mines Hauler-Mutant | -9/Materials Hauler-Mutant | -9/Mines Hauler-Mutant | -9/Exiles Resources | -11 -10 -10 -9 -9 -9 ----------- Run | Scr Mat Min Mat Min Exi Matter Collected 1689 | 320 571 54 703 41 . Remotely . | . . . . . . Salvage Created 1801 | 106 628 26 1000 41 . Parts 114 | 5 41 3 62 3 . Haulers Intercepted 6 | . 2 . 4 . . Recyclers Shooed 4 | . 2 . 2 . . Parts Field Recycled . | . . . . . . Retrieved Matter . | . . . . . . Parts Self-Destructed . | . . . . . . Prevented . | . . . . . . Kills | -11 -10 -10 -9 -9 -9 ------- Run | Scr Mat Min Mat Min Exi Combat Hostiles Destroyed 37 | . 16 2 18 1 . Guns 29 | . 9 2 17 1 . AOE 8 | . 7 . 1 . . Classes Destroyed 9 | 2 5 . 2 . . Tunneler 2 | 1 . . 1 . . Hauler 6 | . 2 . 4 . . Recycler 2 | 1 . . 1 . . Operator 5 | . 3 . 2 . . Watcher 3 | . 2 . 1 . . Swarmer 11 | . 5 2 4 . . Grunt 20 | . 11 . 8 1 . Brawler 1 | . . . 1 . . Sentry 5 | . . . 5 . . Best Kill Streak 6 | 2 3 2 6 1 . Combat Bots Only 5 | . 3 2 5 1 . Max Kills in Single Turn 2 | 1 2 1 1 1 . Gunslinging . | . . . . . . Exploded 2 | . 2 . 1 . . Melee . | . . . . . . Uniques/NPCs Destroyed . | . . . . . . Combat | -11 -10 -10 -9 -9 -9 -------- Run | Scr Mat Min Mat Min Exi Damage Taken 2040 | . 696 84 1073 187 . Core 287 | . 86 27 109 65 . Absorbed by Shields . | . . . . . . Core Remaining (%) 77 | 100 . 54 . . . Volleys Fired 190 | 5 81 7 84 13 . Largest 2 | 2 2 2 2 2 . Hottest 90 | 40 80 40 90 43 . Shots Fired 368 | 10 153 14 165 26 . Gun 358 | 10 145 14 163 26 . Cannon . | . . . . . . Launcher 10 | . 8 . 2 . . Special . | . . . . . . Kinetic 343 | 10 138 14 155 26 . Thermal 7 | . 7 . . . . Explosive 10 | . 8 . 2 . . Electromagnetic 8 | . . . 8 . . Robot Hit Streak 19 | 6 9 5 19 13 . Robot Miss Streak 4 | 1 4 4 4 1 . Penetration Max . | . . . . . . Secondary Targets 1 | . . . 1 . . Max Gunslinging Chain 1 | . . . 1 . . Shots Hit Robots 264 | 8 104 8 122 22 . Core Hits 104 | 4 51 2 43 4 . Critical Hits 2 | . . . 2 . . Critical Kills . | . . . . . . Critical Parts Destroyed 2 | . . . 2 . . Melee Attacks . | . . . . . . Impact . | . . . . . . Slashing . | . . . . . . Piercing . | . . . . . . Sneak Attacks . | . . . . . . Combat Hostiles . | . . . . . . Follow-up Attacks . | . . . . . . Damage Inflicted 3914 | 76 1614 62 1905 257 . Guns 2969 | 76 938 62 1636 257 . Cannons . | . . . . . . Explosions 840 | . 638 . 202 . . Melee . | . . . . . . Ramming 105 | . 38 . 67 . . Kinetic 2807 | 76 881 62 1531 257 . Thermal 92 | . 57 . 35 . . Explosive 805 | . 638 . 167 . . Electromagnetic 105 | . . . 105 . . Impact . | . . . . . . Slashing . | . . . . . . Piercing . | . . . . . . Highest Corruption 3 | . 1 1 3 3 3 Average Corruption 2 | . 1 1 1 3 3 Corruption Purged . | . . . . . . Effects 23 | . 1 . 8 4 10 Message Errors 7 | . . . 2 1 4 Matter Fused 5 | . . . 3 . 2 Heat Flow Errors 2 | . . . 1 . 1 Energy Discharges 3 | . 1 . . . 2 Data Loss (minor) 2 | . . . 1 . 1 Targeting Errors 4 | . . . 1 3 . Overload Shots . | . . . . . . Overflow Damage 30 | . 20 . 10 . . Projectiles . | . . . . . . Explosions 30 | . 20 . 10 . . Melee . | . . . . . . Knockbacks 2 | . . . 2 . . Impact 2 | . . . 2 . . Kinetic . | . . . . . . Secondary . | . . . . . . Self-Inflicted Damage 16 | . 16 . . . . Shots 1 | . 1 . . . . Rammed 11 | . 6 . 5 . . Targets Rammed 12 | . 6 . 6 . . Kicked . | . . . . . . Crushed 1 | . . . 1 . . Highest Temperature 268 | . 42 . 178 9 268 Average Temperature 25 | . 9 . 19 3 140 Received Heat Transfer 702 | . 324 . 276 102 . Siege Activations . | . . . . . . Robots Corrupted . | . . . . . . Combat Hostiles . | . . . . . . Parts Fried 1 | . . . 1 . . Impact Corruptions . | . . . . . . Robots Melted . | . . . . . . Combat Hostiles . | . . . . . . Parts Melted . | . . . . . . Heat Transferred 175 | . 125 . 50 . . Parts Sabotaged . | . . . . . . Parts Stolen . | . . . . . . Parts Stripped . | . . . . . . Power Chain Reactions 1 | . . . 1 . . Missiles Intercepted . | . . . . . . Alert | -11 -10 -10 -9 -9 -9 ------- Run | Scr Mat Min Mat Min Exi Peak Influence 253 | 10 170 83 253 66 . Initial 46 | . 6 33 31 46 . Average 90 | 4 68 61 116 62 . Maximum Alert Level 1 | . . . 1 . . Low Security (%) 92 | 100 100 100 85 100 . Level 1 7 | . . . 14 . . Level 2 . | . . . . . . Level 3 . | . . . . . . Level 4 . | . . . . . . Level 5 . | . . . . . . High Security . | . . . . . . Max Security . | . . . . . . Squads Dispatched 6 | . 4 . 2 . . Investigation 2 | . 1 . 1 . . Extermination . | . . . . . . Reinforcement 4 | . 3 . 1 . . Assault . | . . . . . . Garrison . | . . . . . . Intercept . | . . . . . . Construction Impeded . | . . . . . . Haulers Reinforced . | . . . . . . Stealth | -11 -10 -10 -9 -9 -9 --------- Run | Scr Mat Min Mat Min Exi Distress Signals 4 | . 2 . 2 . . Communications Jammed . | . . . . . . Distress Signals . | . . . . . . Times Spotted 73 | . 43 3 25 2 . Peak Tracking Total 6 | . 4 3 6 2 . Tactical Retreats 7 | . 5 1 . 1 . Traps | -11 -10 -10 -9 -9 -9 ------- Run | Scr Mat Min Mat Min Exi Traps Triggered 7 | . 5 . 2 . . Indirectly . | . . . . . . Trap Hack Attempts . | . . . . . . Triggered . | . . . . . . Disarmed . | . . . . . . Reprogrammed 6 | . . . 6 . . Reused . | . . . . . . Traps Extracted . | . . . . . . Installed . | . . . . . . Triggered . | . . . . . . Machines | -11 -10 -10 -9 -9 -9 ---------- Run | Scr Mat Min Mat Min Exi Machines Disabled 1 | . 1 . . . . Max in Single Turn 1 | . 1 . . . . Machines Sabotaged . | . . . . . . Garrisons Compromised . | . . . . . . Overloaded Fab Kills . | . . . . . . Fab Network Shutdowns . | . . . . . . Hacking | -11 -10 -10 -9 -9 -9 --------- Run | Scr Mat Min Mat Min Exi Machines Accessed 14 | . 4 . 8 . 2 Terminals 10 | . 3 . 7 . . Fabricators . | . . . . . . Repair Stations 1 | . 1 . . . . Recycling Units . | . . . . . . Scanalyzers 1 | . . . 1 . . Garrison Access . | . . . . . . Total Hacks 36 | . 15 . 19 . 2 Successful 23 | . 8 . 13 . 2 Failed 13 | . 7 . 6 . . Catastrophic . | . . . . . . Database Lockouts . | . . . . . . Manual 17 | . 7 . 9 . 1 Terminals 27 | . 10 . 17 . . Fabricators . | . . . . . . Repair Stations 5 | . 5 . . . . Recycling Units . | . . . . . . Scanalyzers 2 | . . . 2 . . Garrison Access . | . . . . . . Terminal Hacks 9 | . 2 . 5 . 2 Record 1 | . . . . . 1 Prototype ID Bank 1 | . . . 1 . . Terminal Index 1 | . . . 1 . . Unreport Threat 1 | . . . 1 . . Locate Traps 2 | . 1 . 1 . . Reprogram Traps 1 | . . . 1 . . Recall Reinforcements 1 | . 1 . . . . EX-Prototype ID Bank 1 | . . . . . 1 Fabricator Hacks . | . . . . . . Repair Station Hacks 4 | . 4 . . . . Scan Component 2 | . 2 . . . . Repair 2 | . 2 . . . . Recycling Unit Hacks . | . . . . . . Scanalyzer 2 | . . . 2 . . Insert Component 1 | . . . 1 . . Analyze 1 | . . . 1 . . Garrison Access Hacks . | . . . . . . Unauthorized Hacks 8 | . 2 . 6 . . Terminals 8 | . 2 . 6 . . Track 2 | . . . 2 . . Botnet 4 | . 1 . 3 . . Operators 2 | . 1 . 1 . . Fabricators . | . . . . . . Repair Stations . | . . . . . . Recycling Units . | . . . . . . Scanalyzers . | . . . . . . Garrison Access . | . . . . . . Data Cores Recovered . | . . . . . . Used . | . . . . . . Hacking Detections 10 | . 4 . 6 . . Full Trace Events 1 | . 1 . . . . Feedback Events 1 | . 1 . . . . Corruption 1 | . 1 . . . . Feedback Blocked . | . . . . . . Robot Schematics Acquired . | . . . . . . Robots Built . | . . . . . . Matter . | . . . . . . Time . | . . . . . . Total Robot Build Rating . | . . . . . . Part Schematics Acquired 1 | . . . 1 . . Parts Built . | . . . . . . Matter . | . . . . . . Time . | . . . . . . Total Part Build Rating . | . . . . . . Parts Repaired 2 | . 2 . . . . Time 52 | . 52 . . . . Parts Recycled . | . . . . . . Recycled Matter . | . . . . . . Retrieved Matter . | . . . . . . Retrieved Components . | . . . . . . Parts Scanalyzed 1 | . . . 1 . . Part Schematics Acquired 1 | . . . 1 . . Parts Damaged . | . . . . . . Bothacking | -11 -10 -10 -9 -9 -9 ------------ Run | Scr Mat Min Mat Min Exi Used RIF Installer . | . . . . . . Robots Hacked . | . . . . . . Non-combat . | . . . . . . Combat . | . . . . . . Robot Hacks Applied . | . . . . . . Relay Couplers Released . | . . . . . . Robots Rewired . | . . . . . . Allies Hacked . | . . . . . . Hacks Repelled . | . . . . . . Allies | -11 -10 -10 -9 -9 -9 -------- Run | Scr Mat Min Mat Min Exi Total Allies . | . . . . . . Largest Group . | . . . . . . Highest-Rated Group . | . . . . . . Highest-Rated Ally . | . . . . . . Total Orders . | . . . . . . Ally Attacks . | . . . . . . Total Damage . | . . . . . . Kills . | . . . . . . Allies Corrupted . | . . . . . . Allies Melted . | . . . . . . Intel | -11 -10 -10 -9 -9 -9 ------- Run | Scr Mat Min Mat Min Exi Robot Analysis Total . | . . . . . . Derelict Logs Recovered 1 | . . . . 1 . Drone Launches . | . . . . . . Drone Recoveries . | . . . . . . Exploration | -11 -10 -10 -9 -9 -9 ------------- Run | Scr Mat Min Mat Min Exi Turns Passed 4264 | 139 1418 107 1949 173 478 Spaces Moved 1951 | 66 641 54 884 68 238 Core 2 | 2 . . . . . Treads 1766 | 62 460 54 884 68 238 Legs 183 | 2 181 . . . . Wheels . | . . . . . . Hover . | . . . . . . Flight . | . . . . . . Fastest Speed 50 | 50 150 160 180 200 200 Average Speed 175 | 155 157 160 182 200 200 Slowest Speed 200 | 160 180 160 200 200 200 Overloaded Moves . | . . . . . . Propulsion Burnouts . | . . . . . . Robots Hopped . | . . . . . . Cave-ins Triggered . | . . . . . . Exploration Rate (%) 41 | 4 73 16 69 18 67 Regions Visited 5 Branch Regions 3 Pre-discovered Areas 1 | . . . . . 1 Known Exits Taken . | . . . . . . Unknown Exits Taken 5 | 1 1 1 1 1 . Scrap Searched 1 | . . 1 . . . Spaces Dug 20 | . 20 . . . . Terrain Destroyed 80 | . 53 . 27 . . Melee . | . . . . . . Projectile . | . . . . . . AOE 80 | . 53 . 27 . . Terrain Rammed . | . . . . . . Walls Destroyed . | . . . . . . Machines Disabled . | . . . . . . Actions | -11 -10 -10 -9 -9 -9 --------- Run | Scr Mat Min Mat Min Exi Total 2460 | 91 911 65 1073 80 240 Wait 120 | . 111 1 8 . . Move 1946 | 65 640 53 883 67 238 Hop . | . . . . . . Pick Up 66 | 7 26 1 30 . 2 Fast Attach 23 | 8 13 . 2 . . Attach 10 | 1 4 . 5 . . Detach . | . . . . . . Swap 37 | 1 13 1 22 . . Drop 56 | 4 17 2 33 . . Fire 190 | 5 81 7 84 13 . Melee . | . . . . . . Ram . | . . . . . . Kick 1 | . 1 . . . . Crush 11 | . 5 . 6 . . Escape Stasis . | . . . . . . Rewire . | . . . . . . Trap . | . . . . . . Miscellaneous . | . . . . . . Route ------- -11/Scrapyard -10/Materials (discovered 3 exits: *Mat x2 / [*Min]) -10/Mines -9/Materials (discovered 2 exits: [*Mat] / [*Min]) -9/Mines (discovered 2 exits: *Exi / [*Zio]) -9/Exiles History --------- Turn | Location | Event 5 | -11/Scrapyard | Discovered new exit (range 15) 140 | -11/Scrapyard | Entered Materials 312 | -10/Materials | Build established: Mutant 516 | -10/Materials | Discovered new exit (range 8) 794 | -10/Materials | Discovered new exit (range 16) 930 | -10/Materials | Discovered new exit (range 16) 1340 | -10/Materials | Repaired Lgt. Treads 1367 | -10/Materials | Repaired Lgt. Treads 1558 | -10/Materials | Entered Mines 1640 | -10/Mines | Discovered new exit (range 10) 1665 | -10/Mines | Entered Materials 1665 | -9/Materials | Evolved 2 slots: Utility x2 1962 | -9/Materials | Build established: Hauler-Mutant 3057 | -9/Materials | Discovered new exit (range 13) 3179 | -9/Materials | Discovered new exit (range 11) 3614 | -9/Materials | Entered Mines 3615 | -9/Mines | A Derelict revealed a hidden shortcut to a safe place 3648 | -9/Mines | Learned Materials garrison access intel 3655 | -9/Mines | Met a Derelict bent on vengeance 3779 | -9/Mines | Deemed a non-threat by the Exiles lab entrance 3779 | -9/Mines | Discovered new exit (range 5) 3787 | -9/Mines | Entered Exiles 3837 | -9/Exiles | Met 8R-AWN 3871 | -9/Exiles | Met EX-HEX 3961 | -9/Exiles | Met EX-DEC 3999 | -9/Exiles | Learned location of Zion (-7) 4183 | -9/Exiles | Met EX-BIN 4209 | -9/Exiles | Aligned with FarCom system 4211 | -9/Exiles | Given EX-Vault access code 4257 | -9/Exiles | Opened EX-Vault 4265 | -9/Exiles | Self-destructed Last Messages --------------- Modified TNC 0b10 Alert Chip Cloak of Protection Skeleton Box Trap Reconfigurator Supersonic Drone Bay Army-in-a-Box PSU Rigger Chronowheel AWS/Thermal Latent Energy Streamer Gui. Plasma Cannon Firepult YOLO Cannon AWS/Gauss XL Autogun Array AWS/Autocannon Field Lobotomy Kit Longsword +1 Deploy-a-Sentry Map ----- +----------------------------------------------------+ | | | | | | | | | | | | | | | | | | | | | | | | | | | | | | | | | | | | | | | | | ???????????????????#########?????????????????????? | | ???????????????????# &&& !#?????????????????????? | | ???????????????????# #?????????????????????? | | ???????????????????# ! #?????????????????????? | | ???????????????????# X#?????????????????????? | | ???????????????????## @#??????????????????????? | | ???????????????????#X #??????????????????????? | | ???????????????????## #??????????????????????? | | ????????????????????# #??????????????????????? | | ????????????????????# #???#?##???????????????? | | ????????????????????# #??"""""???????????????? | | ????????????????????# ## """#??????????????? | | ????????????????????# X""#??????????????? | | ????????????????????# ## """#??????????????? | | ??????????????####??# #??"""""???????????????? | | ??????????????"""""?# #???####???????????????? | | ??????????????""" ## #??????????????????????? | | ????????????#""X" #??????????????????????? | | ????????????#" #??????????????????????? | | ????????????#" ## #??????????????????????? | | ????????????#""""""?# #?#########????????????? | | ??????????????"###??# #?#"""""""#????????????? | | ????????????????????# #?#"""""""#????????????? | | ????????????????????# #?#"""""""#????????????? | | ???????????????????## ###"" """"#????????????? | | ???????????????????#" """"#????????????? | | ???????????????????#" """#????????????? | | ???????????????????#" """#????????????? | | ???????????????????#" """#????????????? | | ???????????????????#" """#????????????? | +----------------------------------------------------+ Best States ------------- Heat Dissipation 42 Energy Generation 12 Energy Capacity 265 Matter Stores 300 Matter Capacity 300 Sight Range 16 Terrain Scan Range 16 Terrain Scan Density 60 Armor Coverage 225 Evasion (%) 40 Targeting Accuracy 5 Recoil Reduction 2 Item Schematics ----------------- Hacking Suite | -9/Materials | Scanalyzed Robot Schematics ------------------ None Fabricated ------------ Nothing Alien Tech Used ----------------- None Achievements -------------- None Challenges ------------ None Game ------ Seed TitaniumMicroSheargun Manual? 0 Play Time 00:18:07 Cumulative 608.8 hours Start 2020.09.23 @ 14:45:24 End 2020.09.23 @ 15:02:28 Sessions 1 Manual Loads 0 Difficulty Rogue Special Mode None Game No. 939 Rogue 939 Adventurer 0 Explorer 0 Win Type - Total 57 Types 37/1/7/9/3/0/0/0/0 Lore% 93 Gallery% 94 Achievement% 82 Wizard Run 0 Options --------- ASCII 1 Keyboard 0 Movement Numpad Keybinds 0 Fullscreen 0 Font 14/SmallcapsGlow Map View 76x50 Tactical HUD 1 Map Filters NONE Filters NONE Steam 1 RUN: ed05604b-a80a-488f-a849-c1a27da01294